| TOP OF THE 1ST |
|
York Revolution batting - Pitching for Columbus Reds : RHP Jim Linseman
|
|
Pitching: RHP Jim Linseman
|
|
|
Batting: LHB Quincy Smart
|
0-0: Ball 1-0: Ball 2-0: SINGLE (Groundball, 5D, EV 98.1 MPH)
|
|
Batting: RHB Dan Shaffer
|
0-0: Fielders Choice at 2nd, 6-4 (Groundball, 6, EV 91.2 MPH)
|
|
Batting: LHB Mike Hawk
|
0-0: Ball 1-0: Fielders Choice at 2nd, 6-4 (Groundball, 6, EV 82.5 MPH)
|
|
Batting: RHB Juan Gonzalez
|
0-0: Swinging Strike 0-1: Fly out, F9 (Flyball, 89S, EV 89.4 MPH)
|
| Top of the 1st over - 0 runs, 1 hit, 0 errors, 1 left on base; York 0 - Columbus 0 |
| BOTTOM OF THE 1ST |
|
Columbus Reds batting - Pitching for York Revolution : RHP Jordan Lopez
|
|
Pitching: RHP Jordan Lopez
|
|
|
Batting: RHB Tony Camacho
|
0-0: Ball 1-0: Bunted foul 1-1: Foul Ball, location: 2F 1-2: Ball 2-2: Fly out, F8 (Flyball, 8LM, EV 83.1 MPH)
|
|
Batting: SHB Bill Dissette
|
0-0: Called Strike 0-1: Foul Ball, location: 2F 0-2: Foul Ball, location: 2F 0-2: Ball 1-2: Ball 2-2: SINGLE (Groundball, P, EV 80.0 MPH) (infield hit)
|
|
Batting: RHB Aaron Barraza
|
0-0: Foul Ball, location: 2F 0-1: Ball 1-1: Called Strike Bill Dissette steals 2nd base 1-2: Strikes out swinging
|
|
Batting: RHB Matt Carman
|
0-0: Foul Ball, location: 2F 0-1: Called Strike 0-2: Ball 1-2: SINGLE (Line Drive, 9S, EV 91.2 MPH) Bill Dissette to third Runner from 3rd tries for Home, throw by RF and OUT! 9-2
|
| Bottom of the 1st over - 0 runs, 2 hits, 0 errors, 1 left on base; York 0 - Columbus 0 |
| TOP OF THE 2ND |
|
York Revolution batting - Pitching for Columbus Reds : RHP Jim Linseman
|
|
Batting: RHB Alexis Graciani
|
0-0: Swinging Strike 0-1: Ball 1-1: Ground out 5-3 (Groundball, 56S, EV 82.5 MPH)
|
|
Batting: LHB Cipto Pakpahan
|
0-0: Ball 1-0: Ball 2-0: Called Strike 2-1: Ball 3-1: Swinging Strike 3-2: Strikes out swinging
|
|
Batting: RHB Mike Staunton
|
0-0: Ball 1-0: Foul Ball, location: 2F 1-1: SOLO HOME RUN (Flyball, 7D, EV 97.5 MPH), Distance : 388 ft
|
|
Batting: RHB Jonathan Steria
|
0-0: Called Strike 0-1: Ball 1-1: Ball 2-1: Ball 3-1: Foul Ball, location: 2F 3-2: Strikes out swinging
|
| Top of the 2nd over - 1 run, 1 hit, 0 errors, 0 left on base; York 1 - Columbus 0 |
| BOTTOM OF THE 2ND |
|
Columbus Reds batting - Pitching for York Revolution : RHP Jordan Lopez
|
|
Batting: SHB Colin Black
|
0-0: Swinging Strike 0-1: Hit by Pitch
|
|
Batting: LHB Gabe Morales
|
0-0: Foul Ball, location: 2F 0-1: Ball 1-1: SINGLE (Line Drive, 34D, EV 101.2 MPH) Colin Black to second
|
|
Batting: RHB Cornholdo Schwerin
|
0-0: Ball 1-0: Called Strike 1-1: Swinging Strike 1-2: Foul Ball, location: 2F 1-2: Ball 2-2: Foul Ball, location: 2F 2-2: Ball 3-2: Fielders Choice at 2nd, 6-4 (Groundball, 6, EV 80.6 MPH) Colin Black to third
|
|
Batting: RHB Nick Partain
|
0-0: Called Strike 0-1: Foul Ball, location: 2F 0-2: Ball 1-2: Ball 2-2: Strikes out looking
|
|
Batting: RHB Jorge Velez
|
0-0: Foul Ball, location: 2F 0-1: Foul Ball, location: 2F 0-2: Foul Ball, location: 2F 0-2: Ball Wild Pitch! Colin Black scores Cornholdo Schwerin to second 1-2: Strikes out swinging
|
| Bottom of the 2nd over - 1 run, 1 hit, 0 errors, 1 left on base; York 1 - Columbus 1 |
| TOP OF THE 3RD |
|
York Revolution batting - Pitching for Columbus Reds : RHP Jim Linseman
|
|
Batting: RHB Tim Schell
|
0-0: Fly out, F4 (Popup, 4M, EV 60.0 MPH)
|
|
Batting: LHB Quincy Smart
|
0-0: Ball 1-0: Ball 2-0: Ball 3-0: Called Strike 3-1: Called Strike 3-2: Foul Ball, location: 2F 3-2: Foul Ball, location: 2F 3-2: Foul Ball, location: 2F 3-2: Foul Ball, location: 2F 3-2: Fly out, F8 (Flyball, 89D, EV 87.5 MPH)
|
|
Batting: RHB Dan Shaffer
|
0-0: Called Strike 0-1: SINGLE (Groundball, 6S, EV 70.0 MPH) (infield hit)
|
|
Batting: LHB Mike Hawk
|
0-0: Ball 1-0: Called Strike Pickoff Throw to First - Out! 1-3
|
| Top of the 3rd over - 0 runs, 1 hit, 0 errors, 0 left on base; York 1 - Columbus 1 |
| BOTTOM OF THE 3RD |
|
Columbus Reds batting - Pitching for York Revolution : RHP Jordan Lopez
|
|
Batting: RHB Tony Camacho
|
0-0: Ball 1-0: Called Strike 1-1: Ball 2-1: Foul Ball, location: 2F 2-2: Ball 3-2: Strikes out swinging
|
|
Batting: SHB Bill Dissette
|
0-0: Swinging Strike 0-1: Fly out, F4 (Popup, 4S, EV 80.6 MPH)
|
|
Batting: RHB Aaron Barraza
|
0-0: Called Strike 0-1: Ball 1-1: Swinging Strike 1-2: Strikes out swinging
|
| Bottom of the 3rd over - 0 runs, 0 hits, 0 errors, 0 left on base; York 1 - Columbus 1 |
| TOP OF THE 4TH |
|
York Revolution batting - Pitching for Columbus Reds : RHP Jim Linseman
|
|
Batting: LHB Mike Hawk
|
0-0: Called Strike 0-1: Called Strike 0-2: Fly out, F9 (Flyball, 9, EV 81.9 MPH)
|
|
Batting: RHB Juan Gonzalez
|
0-0: Fly out, F7 (Flyball, 78M, EV 85.0 MPH)
|
|
Batting: RHB Alexis Graciani
|
0-0: Swinging Strike 0-1: Ball 1-1: Ball 2-1: Fly out, F7 (Flyball, 7, EV 91.9 MPH)
|
| Top of the 4th over - 0 runs, 0 hits, 0 errors, 0 left on base; York 1 - Columbus 1 |
| BOTTOM OF THE 4TH |
|
Columbus Reds batting - Pitching for York Revolution : RHP Jordan Lopez
|
|
Batting: RHB Matt Carman
|
0-0: Ball 1-0: Ball 2-0: SINGLE (Groundball, 5S, EV 74.4 MPH) (infield hit)
|
|
Batting: SHB Colin Black
|
0-0: Called Strike 0-1: Ball 1-1: Called Strike 1-2: Strikes out swinging
|
|
Batting: LHB Gabe Morales
|
0-0: Called Strike 0-1: Called Strike 0-2: Foul Ball, location: 2F 0-2: Strikes out looking
|
|
Batting: RHB Cornholdo Schwerin
|
0-0: Ball 1-0: Swinging Strike 1-1: Swinging Strike 1-2: Foul Ball, location: 2F 1-2: Foul Ball, location: 2F 1-2: Foul Ball, location: 2F 1-2: Strikes out swinging
|
| Bottom of the 4th over - 0 runs, 1 hit, 0 errors, 1 left on base; York 1 - Columbus 1 |
| TOP OF THE 5TH |
|
York Revolution batting - Pitching for Columbus Reds : RHP Jim Linseman
|
|
Batting: LHB Cipto Pakpahan
|
0-0: Ball 1-0: SINGLE (Groundball, 34D, EV 103.1 MPH)
|
|
Batting: RHB Mike Staunton
|
0-0: Called Strike 0-1: Ball 1-1: Ball 2-1: Ball 3-1: Base on Balls Cipto Pakpahan to second
|
|
Batting: RHB Jonathan Steria
|
0-0: Called Strike 0-1: Swinging Strike 0-2: Ball 1-2: Strikes out swinging
|
|
Batting: RHB Tim Schell
|
0-0: Called Strike 0-1: Ball 1-1: Called Strike 1-2: Fly out, F9 (Flyball, 9S, EV 90.6 MPH)
|
|
Batting: LHB Quincy Smart
|
0-0: Called Strike 0-1: Ball 1-1: Ground out U3 (Groundball, 3, EV 102.5 MPH)
|
| Top of the 5th over - 0 runs, 1 hit, 0 errors, 2 left on base; York 1 - Columbus 1 |
| BOTTOM OF THE 5TH |
|
Columbus Reds batting - Pitching for York Revolution : RHP Jordan Lopez
|
|
Batting: RHB Nick Partain
|
0-0: Ball 1-0: Ball 2-0: Called Strike 2-1: Fly out, F8 (Flyball, 8LD, EV 108.1 MPH)
|
|
Batting: RHB Jorge Velez
|
0-0: Ball 1-0: Called Strike 1-1: Ball 2-1: Ground out 5-3 (Groundball, 56, EV 84.4 MPH)
|
|
Batting: RHB Tony Camacho
|
0-0: Called Strike 0-1: Foul Ball, location: 2F 0-2: Ball 1-2: Fly out, F8 (Flyball, 8RXD, EV 105.6 MPH)
|
| Bottom of the 5th over - 0 runs, 0 hits, 0 errors, 0 left on base; York 1 - Columbus 1 |
| TOP OF THE 6TH |
|
York Revolution batting - Pitching for Columbus Reds : RHP Jim Linseman
|
|
Batting: RHB Dan Shaffer
|
0-0: Ball 1-0: SINGLE (Groundball, 56D, EV 100.0 MPH)
|
|
Batting: LHB Mike Hawk
|
0-0: SINGLE (Groundball, P, EV 87.5 MPH) (infield hit) Dan Shaffer to second
|
|
Batting: RHB Juan Gonzalez
|
0-0: Swinging Strike 0-1: Foul Ball, location: 2F 0-2: Ball 1-2: Fielders Choice at 2nd, 5-4 (Groundball, 56S, EV 90.6 MPH) Dan Shaffer to third
|
|
Batting: RHB Alexis Graciani
|
0-0: Swinging Strike 0-1: Ball 1-1: Ball 2-1: Ball 3-1: SINGLE (Flyball, 6MD, EV 86.2 MPH) Dan Shaffer scores Juan Gonzalez to second
|
|
Batting: LHB Cipto Pakpahan
|
0-0: Called Strike 0-1: Fly out, F8 (Flyball, 8LM, EV 83.1 MPH)
|
|
Batting: RHB Mike Staunton
|
0-0: Foul Ball, location: 2F 0-1: Ball 1-1: Foul Ball, location: 2F 1-2: Strikes out swinging
|
| Top of the 6th over - 1 run, 3 hits, 0 errors, 2 left on base; York 2 - Columbus 1 |
| BOTTOM OF THE 6TH |
|
Columbus Reds batting - Pitching for York Revolution : RHP Jordan Lopez
|
|
Pitching: RHP Nick Shumway
|
|
|
Batting: SHB Bill Dissette
|
0-0: Called Strike 0-1: Ball 1-1: Swinging Strike 1-2: Strikes out looking
|
|
Batting: RHB Aaron Barraza
|
0-0: Ball 1-0: Ball 2-0: Called Strike 2-1: Foul Ball, location: 2F 2-2: Ball 3-2: Base on Balls
|
|
Batting: RHB Matt Carman
|
0-0: SINGLE (Groundball, 6MD, EV 102.5 MPH) Aaron Barraza to second
|
|
Batting: SHB Colin Black
|
0-0: Ball 1-0: Swinging Strike 1-1: Grounds out, U3 (Groundball, 3L, EV 88.1 MPH) Aaron Barraza to third
|
|
Pinch Hitting: SHB Eddie Crawford
|
0-0: Ball 1-0: Ground out 6-3 (Groundball, 6, EV 83.8 MPH)
|
| Bottom of the 6th over - 0 runs, 1 hit, 0 errors, 2 left on base; York 2 - Columbus 1 |
| TOP OF THE 7TH |
|
York Revolution batting - Pitching for Columbus Reds : RHP Jim Linseman
|
|
Now in LF: Eddie Crawford
|
|
|
Batting: RHB Jonathan Steria
|
0-0: Called Strike 0-1: Called Strike 0-2: Ball 1-2: Ball 2-2: Ball 3-2: Strikes out looking
|
|
Pitching: RHP Alfonso Rosales
|
|
|
Batting: RHB Tim Schell
|
0-0: Ball 1-0: Ground out 1-3 (Groundball, 13S, EV 67.5 MPH)
|
|
Batting: LHB Quincy Smart
|
0-0: Ball 1-0: Called Strike 1-1: Foul Ball, location: 2F 1-2: Ball 2-2: Strikes out swinging
|
| Top of the 7th over - 0 runs, 0 hits, 0 errors, 0 left on base; York 2 - Columbus 1 |
| BOTTOM OF THE 7TH |
|
Columbus Reds batting - Pitching for York Revolution : RHP Nick Shumway
|
|
Pinch Hitting: LHB Mat Bencivengo
|
0-0: Foul Ball, location: 2F 0-1: Swinging Strike 0-2: Ball 1-2: Ball 2-2: Ball 3-2: Strikes out swinging
|
|
Pinch Hitting: RHB Alex Ruybalid
|
0-0: Foul Ball, location: 2F 0-1: Ball 1-1: Ball 2-1: Swinging Strike 2-2: Strikes out looking
|
|
Pinch Hitting: LHB Jamel Wilhite
|
0-0: Called Strike 0-1: Ball 1-1: Ball 2-1: Foul Ball, location: 2F 2-2: Strikes out swinging
|
| Bottom of the 7th over - 0 runs, 0 hits, 0 errors, 0 left on base; York 2 - Columbus 1 |
| TOP OF THE 8TH |
|
York Revolution batting - Pitching for Columbus Reds : RHP Alfonso Rosales
|
|
Now at 1B: Mat Bencivengo
|
|
|
Now in CF: Alex Ruybalid
|
|
|
Now in RF: Jamel Wilhite
|
|
|
Batting: RHB Dan Shaffer
|
0-0: Fly out, F7 (Flyball, 7LSF, EV 87.5 MPH)
|
|
Batting: LHB Mike Hawk
|
0-0: Ball 1-0: Ball 2-0: Foul Ball, location: 2F 2-1: Foul Ball, location: 2F 2-2: Ball 3-2: Base on Balls
|
|
Batting: RHB Juan Gonzalez
|
0-0: SINGLE (Line Drive, 78S, EV 111.2 MPH) Mike Hawk to second
|
|
Batting: RHB Alexis Graciani
|
0-0: Called Strike 0-1: Swinging Strike 0-2: Ball 1-2: Strikes out swinging
|
|
Batting: LHB Cipto Pakpahan
|
0-0: Ground out 6-3 (Groundball, 6M, EV 110.6 MPH)
|
| Top of the 8th over - 0 runs, 1 hit, 0 errors, 2 left on base; York 2 - Columbus 1 |
| BOTTOM OF THE 8TH |
|
Columbus Reds batting - Pitching for York Revolution : RHP Nick Shumway
|
|
Batting: RHB Tony Camacho
|
0-0: Foul Ball, location: 2F 0-1: Fly out, F8 (Flyball, 8RD, EV 85.0 MPH)
|
|
Batting: SHB Bill Dissette
|
0-0: Swinging Strike 0-1: Foul Ball, location: 2F 0-2: Fly out, F9 (Line Drive, 9, EV 85.0 MPH)
|
|
Batting: RHB Aaron Barraza
|
0-0: Ball 1-0: Foul Ball, location: 2F 1-1: Ball 2-1: Called Strike 2-2: Foul Ball, location: 2F 2-2: Fly out, F9 (Line Drive, 9, EV 95.6 MPH)
|
| Bottom of the 8th over - 0 runs, 0 hits, 0 errors, 0 left on base; York 2 - Columbus 1 |
| TOP OF THE 9TH |
|
York Revolution batting - Pitching for Columbus Reds : RHP Alfonso Rosales
|
|
Pitching: LHP Steve Broeske
|
|
|
Batting: RHB Mike Staunton
|
0-0: Ground out 6-3 (Groundball, 6, EV 90.0 MPH)
|
|
Batting: RHB Jonathan Steria
|
0-0: Called Strike 0-1: Ground out 6-3 (Groundball, 6M, EV 104.4 MPH)
|
|
Batting: RHB Tim Schell
|
0-0: Foul Ball, location: 2F 0-1: Ball 1-1: Called Strike 1-2: Fly out, F9 (Flyball, 9LM, EV 103.8 MPH)
|
| Top of the 9th over - 0 runs, 0 hits, 0 errors, 0 left on base; York 2 - Columbus 1 |
| BOTTOM OF THE 9TH |
|
Columbus Reds batting - Pitching for York Revolution : RHP Nick Shumway
|
|
Pitching: RHP Ryan Imes
|
|
|
Batting: RHB Matt Carman
|
0-0: Ball 1-0: Fly out, F7 (Flyball, 78S, EV 82.5 MPH)
|
|
Batting: SHB Colin Black
|
0-0: Fly out, F5 (Popup, 5SF, EV 72.5 MPH)
|
|
Batting: SHB Eddie Crawford
|
0-0: Ball 1-0: Ball 2-0: Foul Ball, location: 2F 2-1: Called Strike 2-2: Foul Ball, location: 2F 2-2: Ball 3-2: SINGLE (Groundball, 6, EV 99.4 MPH)
|
|
Batting: LHB Mat Bencivengo
|
0-0: SINGLE (Groundball, 4D, EV 97.5 MPH) Eddie Crawford to second Runner from 2nd tries for 3rd, OUT! 9-5
|
| Bottom of the 9th over - 0 runs, 2 hits, 0 errors, 1 left on base; York 2 - Columbus 1 |
|